 Dungeon Crawl Stone Soup version 0.25-a0-160-gd1d2e81aba (webtiles) character file.

Game seed: 620698506823143699, levelgen mode: deterministic

5 bufoo the Bolt Thrower (level 1, -1/17 HPs)
             Began as a Gnoll Wanderer on Nov 21, 2019.
             Slain by a frilled lizard (2 damage)
             ... on level 1 of the Dungeon on June 20, 2022.
             The game lasted 00:01:48 (264 turns).

bufoo the Bolt Thrower (Gnoll Wanderer)              Turns: 264, Time: 00:01:49

Health: -1/17      AC:  2    Str: 16    XL:     1   Next: 80%
Magic:  1/1        EV: 11    Int: 13    God:
Gold:   0          SH:  0    Dex: 13    Spells: 0/0 levels left

rFire    . . .     SeeInvis .   a - +2 hand crossbow
rCold    . . .     Gourm    .   (no shield)
rNeg     . . .     Faith    .   e - +0 robe
rPois    .         Spirit   .   (no helmet)
rElec    .         Reflect  .   (no cloak)
rCorr    .         Harm     .   (no gloves)
MR       .....                  (no boots)
Stlth    ++........             (no amulet)
HPRegen  0.05/turn              (no ring)
MPRegen  0.07/turn              (no ring)

@: no status effects
A: distributed training, fangs 1, strong nose
a: no special abilities


You were on level 1 of the Dungeon.
You were not hungry.

You visited 1 branch of the dungeon, and saw 1 of its levels.

Inventory:

Hand Weapons
 a - a +2 hand crossbow (weapon)
 d - a +0 short sword
 g - a +0 dagger
Missiles
 b - 26 bolts (quivered)
Armour
 e - a +0 robe (worn)
Scrolls
 c - a scroll of teleportation
 i - a scroll of amnesia {unknown}
Comestibles
 f - a ration
 h - 6 chunks of flesh


   Skills:
 + Level 2.4 Fighting
 + Level 4.4 Short Blades
 + Level 0.1 Long Blades
 + Level 0.1 Axes
 + Level 0.1 Maces & Flails
 + Level 0.1 Polearms
 + Level 0.1 Staves
 + Level 0.1 Slings
 + Level 0.1 Bows
 + Level 6.4 Crossbows
 + Level 0.1 Throwing
 + Level 4.4 Armour
 + Level 0.1 Dodging
 + Level 2.2 Stealth
 + Level 2.4 Shields
 + Level 0.1 Unarmed Combat
 + Level 0.1 Spellcasting
 + Level 0.1 Conjurations
 + Level 0.1 Hexes
 + Level 0.1 Charms
 + Level 0.1 Summonings
 + Level 0.1 Necromancy
 + Level 0.1 Translocations
 + Level 0.1 Transmutations
 + Level 0.1 Fire Magic
 + Level 0.1 Ice Magic
 + Level 0.1 Air Magic
 + Level 0.1 Earth Magic
 + Level 0.1 Poison Magic
 + Level 0.2 Invocations
 + Level 0.1 Evocations


You couldn't memorise any spells.
You didn't know any spells.
Your spell library was empty.

Dungeon Overview and Level Annotations

Branches:
Dungeon (1/15)

Altars:


Innate Abilities, Weirdness & Mutations

Your experience applies equally to all skills.
You have very sharp teeth.
Your uncanny sense of smell can sniff out nearby items.


Message History

The frilled lizard barely misses you. The frilled lizard bites you.
The frilled lizard bites you but does no damage.
The frilled lizard bites you.
The frilled lizard bites you but does no damage.
The frilled lizard bites you.
* * * LOW HITPOINT WARNING * * *
The frilled lizard barely misses you. The frilled lizard misses you.
The frilled lizard bites you.
* * * LOW HITPOINT WARNING * * *
The frilled lizard barely misses you. The frilled lizard bites you.
* * * LOW HITPOINT WARNING * * *
The frilled lizard bites you.
* * * LOW HITPOINT WARNING * * *
The frilled lizard bites you but does no damage.
The frilled lizard closely misses you. The frilled lizard bites you.
You die...

..!.. #...### #...#.#
###...#.# ......#.#
##. #..##.# #
.....#.....#######.###
......l@.............#
...................###
...#.##.##.##..##.####
. .. ................#
∆
...#.#####.##..#######
.. # #.##...# ♣♣♣♣♣ .
..##..## ...<♣ #.##..#
♣...♣ ..##..#


You could see a frilled lizard.

Vanquished Creatures
  A bat (D:1)
  2 jackals (D:1)
  A kobold (D:1)
4 creatures vanquished.

Notes
Turn   | Place    | Note
-------+----------+-------------------------------------------
     0 | D:1      | bufoo the Gnoll Wanderer began the quest for the Orb.
     0 | D:1      | bufoo set off with the following items: a +2 hand crossbow,
                  | 28 bolts, a scroll of teleportation, a +0 short sword, a +0
                  | robe, a ration
     0 | D:1      | Reached XP level 1. HP: 17/17 MP: 1/1
   264 | D:1      | Slain by a frilled lizard

Levels and vault maps discovered:
D:1:      psy_arrival_fountain, layout_basic

Action                   || total
-------------------------++-------
 Fire: Hand crossbow     ||    13
Armor: Robe              ||    11
Dodge: Dodged            ||    12

Table legend:
 A = Non-vault XP
 B = Vault XP
 C = Vault XP percentage of total XP
 D = Non-vault monster count
 E = Vault monster count
 F = Vault count percentage of total count
                 A         B        C        D         E       F
            +---------+---------+-------+---------+---------+-------
      Total |       8 |       0 |   0.0 |       4 |       0 |   0.0
            +---------+---------+-------+---------+---------+-------
        D:1 |       8 |       0 |   0.0 |       4 |       0 |   0.0
            +---------+---------+-------+---------+---------+-------
